Jets vs Blackhawks

Created - Wednesday, January 21, 2015 at 00:17

Goals
1 2 3 T
Jets 1 1 1 3
Blackhawks 1 0 1 2
Shots
1 2 3 T
Jets 5 17 4 26
Blackhawks 14 8 7 29

1st period

1. Blackhawks , Justin Braun 7 (Ryan Callahan, Curtis Glencross) at 2:36 (PP)
2. Jets , Max Pacioretty 24 (John Tavares, Ryan Murray) at 17:56 (PP)

Penalties :
Wayne Simmonds (Wpg) for Holding Stick (Minor) at 0:48, Nick Bjugstad (Wpg) for Hooking (Minor) at 2:22, Cal Clutterbuck (Chi) for Hooking (Minor) at 17:11

2nd period

3. Jets , Alex Ovechkin 21 (Kyle Turris, Wayne Simmonds) at 9:13 (PP)

Penalties :
Andrew Shaw (Chi) for Interference (Minor) at 6:01, Martin Hanzal (Chi) for Hooking (Minor) at 8:34, Alex Ovechkin (Wpg) for Cross-checking (Minor) at 15:59

3rd period

4. Blackhawks , Tyler Toffoli 2 (Jeff Carter, Patrick Wiercioch) at 2:54
5. Jets , Alex Ovechkin 22 (Tyler Myers) at 15:40

Penalties :
John Tavares (Wpg) for Tripping (Minor) at 10:30, Dustin Byfuglien (Chi) for Roughing (Minor) at 11:54, Wayne Simmonds (Wpg) for High sticking (Minor) at 15:47

Goalie Stats

Sergei Bobrovsky (Wpg), 27 saves from 29 shots - (0.931), W, 30-9-1, 60:00 minutes
Anton Khudobin (Chi), 23 saves from 26 shots - (0.885), L, 10-13-1, 59:59 minutes

Players Stats for Jets

Player Name              G  A  P  +/- PIM S  H  SB GA TA FO     MP     PP MP  PK MP  
------------------------------------------------------------------------------------
Alex Ovechkin            2  0  2   1  2   5  2  0  4  0  0/0    15:24   1:42   0:08 
Colin Wilson             0  0  0  -1  0   0  0  0  1  0  0/0     6:04   0:00   0:00 
Danny DeKeyser           0  0  0   1  0   0  1  0  0  2  0/0    20:13   2:19   3:20 
Erik Johnson             0  0  0   0  0   0  0  0  2  1  0/0    23:11   0:00   5:35 
Frans Nielsen            0  0  0   1  0   2  0  0  1  1  7/13   11:59   0:00   0:00 
Greg McKegg              0  0  0   0  0   0  0  0  0  0  0/0     0:00   0:00   0:00 
John Tavares             0  1  1   0  2   3  0  0  5  1  9/19   19:42   3:45   1:50 
Kyle Turris              0  1  1   0  0   1  1  0  1  0  7/20   21:01   1:02   6:02 
Marcus Kruger            0  0  0   0  0   4  0  0  1  0  1/2    19:48   0:00   6:16 
Matt Nieto               0  0  0   0  0   0  0  0  2  0  0/0    11:35   0:00   0:00 
Max Pacioretty           1  0  1   0  0   2  0  1  0  0  0/1    17:54   3:05   0:41 
Nick Bjugstad            0  0  0  -1  2   0  1  0  0  0  3/3     9:37   0:40   2:14 
Oliver Ekman-Larsson     0  0  0   0  0   3  0  2  1  3  0/0    26:33   2:28   5:35 
Oscar Klefbom            0  0  0  -1  0   0  0  1  0  1  0/0    13:14   0:00   0:00 
Ryan Murray              0  1  1  -1  0   1  0  0  0  1  0/0    16:36   2:28   0:00 
Teemu Selanne            0  0  0   0  0   1  0  0  1  0  0/1    17:58   3:05   0:00 
Tyler Myers              0  1  1   1  0   2  0  4  1  0  0/0    20:13   2:19   3:20 
Wayne Simmonds           0  1  1   0  4   2  3  0  2  1  0/0    19:09   1:02   0:24 

Players Stats for Blackhawks

Player Name              G  A  P  +/- PIM S  H  SB GA TA FO     MP     PP MP  PK MP  
------------------------------------------------------------------------------------
Andrew Shaw              0  0  0  -1  2   0  2  0  4  0  0/0    10:32   0:00   0:00 
Brock Nelson             0  0  0   0  0   0  0  0  1  0  0/1    10:41   0:00   0:00 
Brooks Laich             0  0  0  -1  0   0  0  0  0  1  4/4    12:43   0:00   2:18 
Cal Clutterbuck          0  0  0  -1  2   1  2  0  1  0  0/0    10:20   0:00   0:00 
Curtis Glencross         0  1  1   0  0   2  1  0  0  1  0/2    14:40   4:26   0:00 
David Backes             0  0  0   0  0   4  2  0  2  1  9/18   16:54   4:29   0:12 
Dustin Byfuglien         0  0  0   1  2   3  2  1  1  5  0/0    20:34   4:25   0:00 
Jan Hejda                0  0  0   1  0   1  0  2  0  0  0/0    15:20   0:00   0:00 
Jaromir Jagr             0  0  0   1  0   2  0  0  7  2  0/1    21:09   4:29   2:17 
Jeff Carter              0  1  1   1  0   3  2  2  0  1  10/16  21:56   4:29   2:29 
Jordie Benn              0  0  0  -1  0   3  0  1  0  0  0/0    16:50   0:00   2:05 
Justin Braun             1  0  1   0  0   3  1  5  0  2  0/0    22:39   4:29   2:42 
Martin Hanzal            0  0  0   0  2   1  1  0  0  0  8/15   15:16   4:26   0:00 
PA Parenteau             0  0  0   0  0   0  0  0  3  0  0/1    10:04   0:00   0:00 
Patrick Wiercioch        0  1  1   0  0   0  2  0  0  1  0/0    20:22   4:26   2:42 
Ryan Callahan            0  1  1   0  0   3  1  0  3  0  1/1    17:39   4:26   2:18 
Torey Krug               0  0  0  -1  0   2  1  2  2  1  0/0    24:18   4:29   2:05 
Tyler Toffoli            1  0  1   1  0   1  0  0  0  0  0/0    12:37   0:00   0:00 

3 Stars

1 - Alex Ovechkin (Wpg)
2 - Justin Braun (Chi)
3 - Tyler Toffoli (Chi)

Power Play

Jets - 2 on 4 Attempt(s) - 50.00%
Blackhawks - 1 on 5 Attempt(s) - 20.00%

Penalty Kill

Jets - 4 on 5 Attempt(s) - 80.00% - Score 0 goal in Penalty Kill
Blackhawks - 2 on 4 Attempt(s) - 50.00% - Score 0 goal in Penalty Kill

Team Stat

Jets - Hits : 8 - Faceoff Wins : 27 - Blocked Shots : 8 - Penalty Minutes : 10
Blackhawks - Hits : 17 - Faceoff Wins : 32 - Blocked Shots : 13 - Penalty Minutes : 8

Official

Referees : Unknown
Linesman : Unknown

Game Notes

No Game Note

Finance

Level 1 -- Attendance: 5481 (91.35%) -- Ticket Income $465,885
Level 2 -- Attendance: 3761 (75.22%) -- Ticket Income $206,855
Level 3 -- Attendance: 1965 (98.25%) -- Ticket Income $58,950
Level 4 -- Attendance: 3538 (88.45%) -- Ticket Income $63,684
Luxury Box -- Attendance: 893 (89.30%) -- Ticket Income $160,740
Game was played at the United Center'
Total Attendance: 15638 (86.88%)
Total Ticket Income: $956,114
Other Income: $468,496
Total Income: $1,424,610

Jets

5 vs 5 Forward 
   Center                   Left Wing                Right Wing               Time % Phy DF OF 
 1 John Tavares             Max Pacioretty           Teemu Selanne            35     1   2  2  
 2 Frans Nielsen            Alex Ovechkin            Wayne Simmonds           30     1   2  2  
 3 Kyle Turris              Matt Nieto               Marcus Kruger            22     1   2  2  
 4 Nick Bjugstad            Colin Wilson             Wayne Simmonds           13     1   2  2  

5 vs 5 Defense 
   Defense                  Defense                                           Time % Phy DF OF 
 1 Oliver Ekman-Larsson     Erik Johnson                                      35     1   2  2  
 2 Tyler Myers              Danny DeKeyser                                    30     1   2  2  
 3 Ryan Murray              Oscar Klefbom                                     22     1   2  2  
 4 Oliver Ekman-Larsson     Erik Johnson                                      13     1   2  2  

PowerPlay Forward 
   Center                   Left Wing                Right Wing               Time % Phy DF OF 
 1 John Tavares             Max Pacioretty           Teemu Selanne            60     0   1  4  
 2 Kyle Turris              Alex Ovechkin            Wayne Simmonds           40     0   1  4  

PowerPlay Defense
   Defense                  Defense                                           Time % Phy DF OF 
 1 Oliver Ekman-Larsson     Ryan Murray                                       60     1   2  2  
 2 Tyler Myers              Danny DeKeyser                                    40     1   2  2  

Penalty Kill 4 Players Forward 
   Center                   Wing                     Time % Phy DF OF 
 1 Kyle Turris              Marcus Kruger            60     2   3  0  
 2 John Tavares             Wayne Simmonds           40     1   4  0  

Penalty Kill 4 Players Defense
   Defense                  Defense                  Time % Phy DF OF 
 1 Oliver Ekman-Larsson     Erik Johnson             60     1   3  1  
 2 Tyler Myers              Danny DeKeyser           40     2   2  1  

Penalty Kill - 3 Players Forward 
   Forward                                           Time % Phy DF OF 
 1 Marcus Kruger                                     60     2   3  0  
 2 Kyle Turris                                       40     1   4  0  

Penalty Kill - 3 Players Defense
   Defense                  Defense                  Time % Phy DF OF 
 1 Oliver Ekman-Larsson     Erik Johnson             60     1   4  0  
 2 Tyler Myers              Danny DeKeyser           40     1   4  0  

4 vs 4 Forward 
   Center                   Wing                     Time % Phy DF OF 
 1 Kyle Turris              Alex Ovechkin            60     1   2  2  
 2 John Tavares             Max Pacioretty           40     1   2  2  

4 vs 4 Defense
   Defense                  Defense                  Time % Phy DF OF 
 1 Oliver Ekman-Larsson     Ryan Murray              60     1   2  2  
 2 Tyler Myers              Danny DeKeyser           40     1   2  2  

Last Minutes Offensive
   Center                   Left Wing                Right Wing               Defense                  Defense                  
   Frans Nielsen            Alex Ovechkin            Teemu Selanne            Oliver Ekman-Larsson     Erik Johnson             

Last Minutes Defensive
   Center                   Left Wing                Right Wing               Defense                  Defense                  
   Frans Nielsen            Alex Ovechkin            Teemu Selanne            Oliver Ekman-Larsson     Erik Johnson             

Goaltenders
Starting : Sergei Bobrovsky         
Backup : Tim Thomas               

Extra Forwards
Normal : Kyle Turris, Marcus Kruger, Nick Bjugstad - PP : Kyle Turris, Marcus Kruger - PK : Nick Bjugstad
Extra Defensemen
Normal : Ryan Murray, Oscar Klefbom, Tyler Myers - PP : Ryan Murray - PK : Oscar Klefbom, Tyler Myers
Penalty Shots
Marcus Kruger, Alex Ovechkin, John Tavares, Max Pacioretty, Kyle Turris

Blackhawks

5 vs 5 Forward 
   Center                   Left Wing                Right Wing               Time % Phy DF OF 
 1 Jeff Carter              Tyler Toffoli            Jaromir Jagr             30     0   2  3  
 2 David Backes             Curtis Glencross         PA Parenteau             25     1   2  2  
 3 Martin Hanzal            Brock Nelson             Ryan Callahan            25     2   2  1  
 4 Brooks Laich             Cal Clutterbuck          Andrew Shaw              20     2   2  1  

5 vs 5 Defense 
   Defense                  Defense                                           Time % Phy DF OF 
 1 Patrick Wiercioch        Justin Braun                                      30     1   2  2  
 2 Torey Krug               Jordie Benn                                       30     1   2  2  
 3 Jan Hejda                Dustin Byfuglien                                  30     1   2  2  
 4 Patrick Wiercioch        Justin Braun                                      10     1   2  2  

PowerPlay Forward 
   Center                   Left Wing                Right Wing               Time % Phy DF OF 
 1 Martin Hanzal            Curtis Glencross         Ryan Callahan            50     0   1  4  
 2 David Backes             Jaromir Jagr             Jeff Carter              50     0   1  4  

PowerPlay Defense
   Defense                  Defense                                           Time % Phy DF OF 
 1 Torey Krug               Justin Braun                                      50     0   2  3  
 2 Patrick Wiercioch        Dustin Byfuglien                                  50     0   2  3  

Penalty Kill 4 Players Forward 
   Center                   Wing                     Time % Phy DF OF 
 1 Brooks Laich             Ryan Callahan            50     1   3  1  
 2 Jeff Carter              Jaromir Jagr             50     1   3  1  

Penalty Kill 4 Players Defense
   Defense                  Defense                  Time % Phy DF OF 
 1 Torey Krug               Jordie Benn              50     2   3  0  
 2 Patrick Wiercioch        Justin Braun             50     2   3  0  

Penalty Kill - 3 Players Forward 
   Forward                                           Time % Phy DF OF 
 1 Ryan Callahan                                     50     1   4  0  
 2 Brooks Laich                                      50     1   4  0  

Penalty Kill - 3 Players Defense
   Defense                  Defense                  Time % Phy DF OF 
 1 Torey Krug               Jordie Benn              50     1   4  0  
 2 Patrick Wiercioch        Justin Braun             50     1   4  0  

4 vs 4 Forward 
   Center                   Wing                     Time % Phy DF OF 
 1 David Backes             Jeff Carter              50     0   2  3  
 2 Martin Hanzal            Curtis Glencross         50     0   2  3  

4 vs 4 Defense
   Defense                  Defense                  Time % Phy DF OF 
 1 Jan Hejda                Justin Braun             50     1   2  2  
 2 Torey Krug               Jordie Benn              50     1   2  2  

Last Minutes Offensive
   Center                   Left Wing                Right Wing               Defense                  Defense                  
   David Backes             Jaromir Jagr             Jeff Carter              Torey Krug               Dustin Byfuglien         

Last Minutes Defensive
   Center                   Left Wing                Right Wing               Defense                  Defense                  
   David Backes             Brooks Laich             Ryan Callahan            Jan Hejda                Justin Braun             

Goaltenders
Starting : Anton Khudobin           
Backup : Craig Anderson           

Extra Forwards
Normal : Ryan Callahan, Jeff Carter, David Backes - PP : Ryan Callahan, PA Parenteau - PK : David Backes
Extra Defensemen
Normal : Dustin Byfuglien, Torey Krug, Patrick Wiercioch - PP : Dustin Byfuglien - PK : Justin Braun, Jan Hejda
Penalty Shots
Brooks Laich, PA Parenteau, Jeff Carter, Ryan Callahan, Jaromir Jagr

% Time on Ice - Jets

Lines # - Real PCT - Wanted PCT - Time Play
Normal Forward
1 - 36% - 35% - 16:05
2 - 25% - 30% - 11:14
3 - 26% - 22% - 11:35
4 - 13% - 13% - 6:04
Normal Defense
1 - 32% - 35% - 14:19
2 - 32% - 30% - 14:34
3 - 29% - 22% - 13:14
4 - 6% - 13% - 2:51
PP Forward
1 - 78% - 60% - 3:45
2 - 22% - 40% - 1:02
PP Defense
1 - 52% - 60% - 2:28
2 - 48% - 40% - 2:19
PK Forward
1 - 79% - 60% - 6:51
2 - 21% - 40% - 1:50
PK Defense
1 - 62% - 60% - 5:21
2 - 38% - 40% - 3:20
PK3 Forward
1 - 100% - 60% - 0:14
2 - 0% - 40% - 0:00
PK3 Defense
1 - 100% - 60% - 0:14
2 - 0% - 40% - 0:00
44 Forward
1 - 100% - 60% - 0:35
2 - 0% - 40% - 0:00
44 Defense
1 - 100% - 60% - 0:35
2 - 0% - 40% - 0:00
Last Minute Offensive  - 0:00
Last Minute Defensive  - 0:45
Total
Forward - 60:00
Defense - 60:00

% Time on Ice - Blackhawks

Lines # - Real PCT - Wanted PCT - Time Play
Normal Forward
1 - 29% - 30% - 12:51
2 - 25% - 25% - 11:05
3 - 24% - 25% - 10:41
4 - 23% - 20% - 10:21
Normal Defense
1 - 31% - 30% - 13:54
2 - 30% - 30% - 13:22
3 - 34% - 30% - 15:20
4 - 5% - 10% - 2:22
PP Forward
1 - 50% - 50% - 4:26
2 - 50% - 50% - 4:29
PP Defense
1 - 50% - 50% - 4:29
2 - 50% - 50% - 4:26
PK Forward
1 - 52% - 50% - 2:30
2 - 48% - 50% - 2:17
PK Defense
1 - 38% - 50% - 1:49
2 - 62% - 50% - 2:58
PK3 Forward
1 - 0% - 50%
2 - 0% - 50%
PK3 Defense
1 - 0% - 50%
2 - 0% - 50%
44 Forward
1 - 100% - 50% - 0:35
2 - 0% - 50% - 0:00
44 Defense
1 - 0% - 50% - 0:00
2 - 100% - 50% - 0:35
Last Minute Offensive  - 0:45
Last Minute Defensive  - 0:00
Total
Forward - 60:00
Defense - 60:00

Play by Play

1st period


0:01 of 1st period - John Tavares wins face-off versus Jeff Carter in neutral zone.
0:36 of 1st period - Wrist shot by Max Pacioretty.
0:36 of 1st period - Shot Blocked by Justin Braun.
0:48 of 1st period - Minor Penalty to Wayne Simmonds for Holding Stick.
0:49 of 1st period - Kyle Turris wins face-off versus Martin Hanzal in Jets zone.
1:12 of 1st period - Snap shot by Martin Hanzal.
1:12 of 1st period - Shot Misses the Net.
1:22 of 1st period - Snap shot by Martin Hanzal.
1:22 of 1st period - Shot Blocked by Tyler Myers.
1:24 of 1st period - Slapshot by Justin Braun.
1:24 of 1st period - Shot Misses the Net.
1:36 of 1st period - Snap shot by Jaromir Jagr.
1:36 of 1st period - Stopped by Sergei Bobrovsky with a rebound.
1:38 of 1st period - Slapshot by Dustin Byfuglien.
1:38 of 1st period - Stopped by Sergei Bobrovsky without a rebound.
1:39 of 1st period - David Backes wins face-off versus John Tavares in Jets zone.
1:40 of 1st period - Wrist shot by Jeff Carter.
1:40 of 1st period - Shot Misses the Net.
1:42 of 1st period - Wrist shot by Jeff Carter.
1:42 of 1st period - Stopped by Sergei Bobrovsky with a rebound.
1:44 of 1st period - Backhand shot by Dustin Byfuglien.
1:44 of 1st period - Deflect By David Backes.
1:44 of 1st period - Shot Misses the Net.
1:44 of 1st period - Puck is out of play.
1:45 of 1st period - David Backes wins face-off versus John Tavares in Jets zone.
2:22 of 1st period - Minor Penalty to Nick Bjugstad for Hooking.
2:23 of 1st period - Marcus Kruger wins face-off versus Martin Hanzal in Jets zone.
2:30 of 1st period - Snap shot by Curtis Glencross.
2:30 of 1st period - Shot Misses the Net.
2:32 of 1st period - Wrist shot by Ryan Callahan.
2:32 of 1st period - Shot Blocked by Oliver Ekman-Larsson.
2:34 of 1st period - Slapshot by Justin Braun.
2:34 of 1st period - Shot Misses the Net.
2:36 of 1st period - Slapshot by Justin Braun.
2:36 of 1st period - Deflect By Erik Johnson.
2:36 of 1st period - Goal by Justin Braun - Jets : 0 - Blackhawks : 1.
2:37 of 1st period - David Backes wins face-off versus Kyle Turris in neutral zone.
2:59 of 1st period - Marcus Kruger is hit by Patrick Wiercioch and loses puck.
3:48 of 1st period - Snap shot by Ryan Callahan.
3:48 of 1st period - Stopped by Sergei Bobrovsky without a rebound.
3:49 of 1st period - Martin Hanzal wins face-off versus Kyle Turris in Jets zone.
3:56 of 1st period - Slapshot by Ryan Callahan.
3:56 of 1st period - Shot Misses the Net.
3:58 of 1st period - Wrist shot by Martin Hanzal.
3:58 of 1st period - Deflect By Curtis Glencross.
3:58 of 1st period - Stopped by Sergei Bobrovsky without a rebound.
3:59 of 1st period - Kyle Turris wins face-off versus Martin Hanzal in Jets zone.
4:22 of 1st period - Penalty to Nick Bjugstad is over, Nick Bjugstad is back on ice.
4:40 of 1st period - Tyler Myers is hit by David Backes and loses puck.
5:51 of 1st period - Icing by Ryan Murray.
5:52 of 1st period - Martin Hanzal wins face-off versus Max Pacioretty in Jets zone.
6:03 of 1st period - Snap shot by Martin Hanzal.
6:03 of 1st period - Shot Blocked by Oscar Klefbom.
8:12 of 1st period - Matt Nieto is hit by Cal Clutterbuck and loses puck.
10:26 of 1st period - Ryan Murray is hit by Torey Krug and loses puck.
10:34 of 1st period - Off-side.
10:35 of 1st period - Kyle Turris wins face-off versus Martin Hanzal in neutral zone.
11:28 of 1st period - Dustin Byfuglien is hit by Nick Bjugstad and loses puck.
12:35 of 1st period - Snap shot by Jaromir Jagr.
12:35 of 1st period - Shot Misses the Net.
12:37 of 1st period - Snap shot by Tyler Toffoli.
12:37 of 1st period - Shot Misses the Net.
12:39 of 1st period - Slapshot by Jordie Benn.
12:39 of 1st period - Stopped by Sergei Bobrovsky without a rebound.
12:40 of 1st period - Frans Nielsen wins face-off versus David Backes in Jets zone.
12:40 of 1st period - Frans Nielsen is hit by David Backes.
12:56 of 1st period - Wrist shot by Frans Nielsen.
12:56 of 1st period - Stopped by Anton Khudobin without a rebound.
12:57 of 1st period - Frans Nielsen wins face-off versus David Backes in Blackhawks zone.
13:12 of 1st period - Wrist shot by PA Parenteau.
13:12 of 1st period - Shot Misses the Net.
13:38 of 1st period - Wrist shot by Ryan Callahan.
13:38 of 1st period - Deflect By Martin Hanzal.
13:38 of 1st period - Shot Misses the Net.
13:38 of 1st period - Puck is out of play.
13:39 of 1st period - John Tavares wins face-off versus Martin Hanzal in Jets zone.
14:02 of 1st period - Snap shot by Ryan Callahan.
14:02 of 1st period - Stopped by Sergei Bobrovsky with a rebound.
14:26 of 1st period - Snap shot by Jaromir Jagr.
14:26 of 1st period - Deflect By Tyler Toffoli.
14:26 of 1st period - Shot Misses the Net.
14:26 of 1st period - Puck is out of play.
14:27 of 1st period - Jeff Carter wins face-off versus Kyle Turris in Jets zone.
15:11 of 1st period - Snap shot by Alex Ovechkin.
15:11 of 1st period - Stopped by Anton Khudobin with a rebound.
15:25 of 1st period - Wrist shot by Alex Ovechkin.
15:25 of 1st period - Deflect By Nick Bjugstad.
15:25 of 1st period - Shot Misses the Net.
15:25 of 1st period - Puck is out of play.
15:26 of 1st period - David Backes wins face-off versus John Tavares in Blackhawks zone.
15:35 of 1st period - Wrist shot by Curtis Glencross.
15:35 of 1st period - Deflect By David Backes.
15:35 of 1st period - Shot Misses the Net.
15:35 of 1st period - Puck is out of play.
15:36 of 1st period - John Tavares wins face-off versus David Backes in Jets zone.
15:50 of 1st period - Snap shot by Curtis Glencross.
15:50 of 1st period - Shot Misses the Net.
15:58 of 1st period - Snap shot by Curtis Glencross.
15:58 of 1st period - Stopped by Sergei Bobrovsky with a rebound.
16:00 of 1st period - Slapshot by Justin Braun.
16:00 of 1st period - Shot Blocked by Max Pacioretty.
16:02 of 1st period - Slapshot by Curtis Glencross.
16:02 of 1st period - Shot Misses the Net.
16:04 of 1st period - Slapshot by Justin Braun.
16:04 of 1st period - Stopped by Sergei Bobrovsky with a rebound.
16:06 of 1st period - Snap shot by David Backes.
16:06 of 1st period - Stopped by Sergei Bobrovsky without a rebound.
16:07 of 1st period - Kyle Turris wins face-off versus Martin Hanzal in Jets zone.
17:11 of 1st period - Minor Penalty to Cal Clutterbuck for Hooking.
17:12 of 1st period - Jeff Carter wins face-off versus John Tavares in Blackhawks zone.
17:21 of 1st period - Slapshot by Jordie Benn.
17:21 of 1st period - Deflect By Jeff Carter.
17:21 of 1st period - Stopped by Sergei Bobrovsky with a rebound.
17:23 of 1st period - Slapshot by Torey Krug.
17:23 of 1st period - Stopped by Sergei Bobrovsky without a rebound.
17:24 of 1st period - Jeff Carter wins face-off versus Teemu Selanne in Jets zone.
17:27 of 1st period - Snap shot by Jeff Carter.
17:27 of 1st period - Stopped by Sergei Bobrovsky with a rebound.
17:56 of 1st period - Wrist shot by Max Pacioretty.
17:56 of 1st period - Goal by Max Pacioretty - Jets : 1 - Blackhawks : 1.
17:57 of 1st period - Jeff Carter wins face-off versus Frans Nielsen in neutral zone.
18:12 of 1st period - Slapshot by Tyler Toffoli.
18:12 of 1st period - Deflect By Jeff Carter.
18:12 of 1st period - Shot Misses the Net.
18:12 of 1st period - Puck is out of play.
18:13 of 1st period - Frans Nielsen wins face-off versus Jeff Carter in Jets zone.
19:17 of 1st period - Wrist shot by Max Pacioretty.
19:17 of 1st period - Shot Blocked by Torey Krug.
19:27 of 1st period - Snap shot by John Tavares.
19:27 of 1st period - Stopped by Anton Khudobin with a rebound.
19:33 of 1st period - Snap shot by Teemu Selanne.
19:33 of 1st period - Shot Misses the Net.
19:35 of 1st period - Wrist shot by Ryan Murray.
19:35 of 1st period - Shot Misses the Net.
19:53 of 1st period - Snap shot by Marcus Kruger.
19:53 of 1st period - Stopped by Anton Khudobin without a rebound.
19:54 of 1st period - Martin Hanzal wins face-off versus Kyle Turris in Blackhawks zone.
Goals for this period are 1 for Jets vs 1 for Blackhawks.
Shots for this period are 5 for Jets vs 14 for Blackhawks.

2nd period


0:01 of 2nd period - Jeff Carter wins face-off versus Frans Nielsen in neutral zone.
0:08 of 2nd period - Snap shot by Jeff Carter.
0:08 of 2nd period - Shot Misses the Net.
0:26 of 2nd period - Snap shot by Wayne Simmonds.
0:26 of 2nd period - Stopped by Anton Khudobin with a rebound.
0:28 of 2nd period - Slapshot by Oliver Ekman-Larsson.
0:28 of 2nd period - Shot Blocked by Jeff Carter.
0:56 of 2nd period - Oliver Ekman-Larsson is hit by Justin Braun and loses puck.
1:31 of 2nd period - Marcus Kruger is hit by Andrew Shaw and loses puck.
1:58 of 2nd period - Snap shot by Andrew Shaw.
1:58 of 2nd period - Shot Misses the Net.
2:06 of 2nd period - Marcus Kruger is hit by Cal Clutterbuck and loses puck.
2:34 of 2nd period - Slapshot by David Backes.
2:34 of 2nd period - Shot Blocked by Tyler Myers.
2:36 of 2nd period - Snap shot by Torey Krug.
2:36 of 2nd period - Stopped by Sergei Bobrovsky with a rebound.
2:38 of 2nd period - Slapshot by David Backes.
2:38 of 2nd period - Stopped by Sergei Bobrovsky with a rebound.
2:50 of 2nd period - David Backes is hit by Wayne Simmonds and loses puck.
3:13 of 2nd period - Wrist shot by Wayne Simmonds.
3:13 of 2nd period - Stopped by Anton Khudobin with a rebound.
3:18 of 2nd period - Off-side.
3:19 of 2nd period - John Tavares wins face-off versus Jaromir Jagr in neutral zone.
3:22 of 2nd period - Wrist shot by Max Pacioretty.
3:22 of 2nd period - Shot Misses the Net.
3:24 of 2nd period - Slapshot by Erik Johnson.
3:24 of 2nd period - Deflect By John Tavares.
3:24 of 2nd period - Shot Misses the Net.
3:24 of 2nd period - Puck is out of play.
3:25 of 2nd period - Jeff Carter wins face-off versus John Tavares in Blackhawks zone.
5:40 of 2nd period - Snap shot by Kyle Turris.
5:40 of 2nd period - Stopped by Anton Khudobin with a rebound.
5:42 of 2nd period - Wrist shot by Matt Nieto.
5:42 of 2nd period - Shot Misses the Net.
6:01 of 2nd period - Minor Penalty to Andrew Shaw for Interference.
6:02 of 2nd period - John Tavares wins face-off versus Jeff Carter in Blackhawks zone.
6:21 of 2nd period - Snap shot by Oliver Ekman-Larsson.
6:21 of 2nd period - Shot Blocked by Jeff Carter.
6:23 of 2nd period - Wrist shot by Max Pacioretty.
6:23 of 2nd period - Shot Blocked by Torey Krug.
6:25 of 2nd period - Slapshot by Ryan Murray.
6:25 of 2nd period - Shot Misses the Net.
6:27 of 2nd period - Slapshot by Oliver Ekman-Larsson.
6:27 of 2nd period - Shot Blocked by Jordie Benn.
6:29 of 2nd period - Wrist shot by Teemu Selanne.
6:29 of 2nd period - Stopped by Anton Khudobin with a rebound.
6:31 of 2nd period - Slapshot by Ryan Murray.
6:31 of 2nd period - Shot Misses the Net.
6:50 of 2nd period - Brooks Laich is hit by Wayne Simmonds and loses puck.
7:05 of 2nd period - Max Pacioretty is hit by Patrick Wiercioch and loses puck.
7:41 of 2nd period - Slapshot by Tyler Myers.
7:41 of 2nd period - Stopped by Anton Khudobin without a rebound.
7:42 of 2nd period - Brooks Laich wins face-off versus Kyle Turris in Blackhawks zone.
7:53 of 2nd period - Snap shot by John Tavares.
7:53 of 2nd period - Shot Misses the Net.
8:01 of 2nd period - Penalty to Andrew Shaw is over, Andrew Shaw is back on ice.
8:03 of 2nd period - Snap shot by John Tavares.
8:03 of 2nd period - Stopped by Anton Khudobin with a rebound.
8:31 of 2nd period - Slapshot by Oliver Ekman-Larsson.
8:31 of 2nd period - Deflect By PA Parenteau.
8:31 of 2nd period - Stopped by Anton Khudobin without a rebound.
8:32 of 2nd period - Martin Hanzal wins face-off versus Frans Nielsen in Blackhawks zone.
8:34 of 2nd period - Minor Penalty to Martin Hanzal for Hooking.
8:35 of 2nd period - Brooks Laich wins face-off versus John Tavares in Blackhawks zone.
9:09 of 2nd period - Snap shot by Alex Ovechkin.
9:09 of 2nd period - Shot Blocked by Justin Braun.
9:13 of 2nd period - Wrist shot by Alex Ovechkin.
9:13 of 2nd period - Goal by Alex Ovechkin - Jets : 2 - Blackhawks : 1.
9:14 of 2nd period - Kyle Turris wins face-off versus Brock Nelson in neutral zone.
9:21 of 2nd period - Snap shot by Erik Johnson.
9:21 of 2nd period - Shot Misses the Net.
9:23 of 2nd period - Backhand shot by Oliver Ekman-Larsson.
9:23 of 2nd period - Stopped by Anton Khudobin with a rebound.
9:25 of 2nd period - Slapshot by Marcus Kruger.
9:25 of 2nd period - Stopped by Anton Khudobin with a rebound.
9:29 of 2nd period - Slapshot by Erik Johnson.
9:29 of 2nd period - Shot Misses the Net.
9:31 of 2nd period - Slapshot by Oliver Ekman-Larsson.
9:31 of 2nd period - Shot Misses the Net.
9:33 of 2nd period - Slapshot by Oliver Ekman-Larsson.
9:33 of 2nd period - Shot Misses the Net.
9:35 of 2nd period - Slapshot by Oliver Ekman-Larsson.
9:35 of 2nd period - Shot Blocked by Jan Hejda.
9:37 of 2nd period - Slapshot by Erik Johnson.
9:37 of 2nd period - Shot Misses the Net.
9:39 of 2nd period - Slapshot by Marcus Kruger.
9:39 of 2nd period - Stopped by Anton Khudobin without a rebound.
9:40 of 2nd period - Frans Nielsen wins face-off versus David Backes in Blackhawks zone.
9:41 of 2nd period - Slapshot by Alex Ovechkin.
9:41 of 2nd period - Stopped by Anton Khudobin without a rebound.
9:42 of 2nd period - David Backes wins face-off versus Frans Nielsen in Blackhawks zone.
9:47 of 2nd period - Snap shot by David Backes.
9:47 of 2nd period - Stopped by Sergei Bobrovsky with a rebound.
10:03 of 2nd period - Snap shot by Alex Ovechkin.
10:03 of 2nd period - Shot Hit the Post.
10:05 of 2nd period - Snap shot by Alex Ovechkin.
10:05 of 2nd period - Shot Blocked by Justin Braun.
10:07 of 2nd period - Slapshot by Tyler Myers.
10:07 of 2nd period - Deflect By Frans Nielsen.
10:07 of 2nd period - Stopped by Anton Khudobin without a rebound.
10:08 of 2nd period - Jeff Carter wins face-off versus John Tavares in Blackhawks zone.
10:58 of 2nd period - Icing by Brock Nelson.
10:59 of 2nd period - Ryan Callahan wins face-off versus Kyle Turris in Blackhawks zone.
10:59 of 2nd period - Ryan Callahan is hit by Danny DeKeyser.
11:57 of 2nd period - Slapshot by Dustin Byfuglien.
11:57 of 2nd period - Stopped by Sergei Bobrovsky with a rebound.
11:59 of 2nd period - Slapshot by Brooks Laich.
11:59 of 2nd period - Shot Misses the Net.
12:09 of 2nd period - Cal Clutterbuck is hit by Wayne Simmonds and loses puck.
12:20 of 2nd period - Slapshot by Dustin Byfuglien.
12:20 of 2nd period - Stopped by Sergei Bobrovsky without a rebound.
12:21 of 2nd period - Jeff Carter wins face-off versus John Tavares in Jets zone.
13:19 of 2nd period - Tyler Myers is hit by Curtis Glencross and loses puck.
13:40 of 2nd period - Wrist shot by PA Parenteau.
13:40 of 2nd period - Shot Misses the Net.
13:51 of 2nd period - Icing by Jan Hejda.
13:52 of 2nd period - David Backes wins face-off versus Kyle Turris in Blackhawks zone.
14:26 of 2nd period - Snap shot by Marcus Kruger.
14:26 of 2nd period - Stopped by Anton Khudobin with a rebound.
14:32 of 2nd period - Ryan Murray is hit by Ryan Callahan and loses puck.
14:49 of 2nd period - Wrist shot by Ryan Callahan.
14:49 of 2nd period - Stopped by Sergei Bobrovsky with a rebound.
15:15 of 2nd period - Slapshot by Jaromir Jagr.
15:15 of 2nd period - Deflect By Tyler Toffoli.
15:15 of 2nd period - Shot Misses the Net.
15:15 of 2nd period - Puck is out of play.
15:16 of 2nd period - Brooks Laich wins face-off versus Frans Nielsen in Jets zone.
15:49 of 2nd period - Snap shot by Cal Clutterbuck.
15:49 of 2nd period - Stopped by Sergei Bobrovsky with a rebound.
15:51 of 2nd period - Snap shot by Brooks Laich.
15:51 of 2nd period - Shot Misses the Net.
15:59 of 2nd period - Minor Penalty to Alex Ovechkin for Cross-checking.
16:00 of 2nd period - David Backes wins face-off versus Kyle Turris in Jets zone.
16:09 of 2nd period - Snap shot by Jaromir Jagr.
16:09 of 2nd period - Stopped by Sergei Bobrovsky without a rebound.
16:10 of 2nd period - David Backes wins face-off versus Kyle Turris in Jets zone.
16:15 of 2nd period - Slapshot by Jaromir Jagr.
16:15 of 2nd period - Shot Misses the Net.
17:12 of 2nd period - Snap shot by Max Pacioretty.
17:12 of 2nd period - Shot Misses the Net.
17:14 of 2nd period - Slapshot by Oliver Ekman-Larsson.
17:14 of 2nd period - Shot Misses the Net.
17:16 of 2nd period - Slapshot by Oliver Ekman-Larsson.
17:16 of 2nd period - Deflect By Max Pacioretty.
17:16 of 2nd period - Stopped by Anton Khudobin with a rebound.
17:18 of 2nd period - Slapshot by Oliver Ekman-Larsson.
17:18 of 2nd period - Deflect By Patrick Wiercioch.
17:18 of 2nd period - Stopped by Anton Khudobin without a rebound.
17:19 of 2nd period - Nick Bjugstad wins face-off versus Curtis Glencross in Blackhawks zone.
17:30 of 2nd period - Oliver Ekman-Larsson is hit by Martin Hanzal and loses puck.
17:59 of 2nd period - Penalty to Alex Ovechkin is over, Alex Ovechkin is back on ice.
18:36 of 2nd period - Wrist shot by John Tavares.
18:36 of 2nd period - Stopped by Anton Khudobin with a rebound.
18:38 of 2nd period - Slapshot by Max Pacioretty.
18:38 of 2nd period - Shot Misses the Net.
19:47 of 2nd period - Nick Bjugstad is hit by Dustin Byfuglien and loses puck.
Goals for this period are 1 for Jets vs 0 for Blackhawks.
Shots for this period are 17 for Jets vs 8 for Blackhawks.

3rd period


0:01 of 3rd period - John Tavares wins face-off versus Jeff Carter in neutral zone.
1:27 of 3rd period - Icing by Frans Nielsen.
1:28 of 3rd period - Frans Nielsen wins face-off versus PA Parenteau in Jets zone.
1:49 of 3rd period - Wrist shot by Alex Ovechkin.
1:49 of 3rd period - Stopped by Anton Khudobin without a rebound.
1:50 of 3rd period - Brooks Laich wins face-off versus Marcus Kruger in Blackhawks zone.
2:43 of 3rd period - Ryan Murray is hit by Jeff Carter and loses puck.
2:52 of 3rd period - Slapshot by Tyler Toffoli.
2:52 of 3rd period - Shot Misses the Net.
2:54 of 3rd period - Wrist shot by Tyler Toffoli.
2:54 of 3rd period - Goal by Tyler Toffoli - Jets : 2 - Blackhawks : 2.
2:55 of 3rd period - John Tavares wins face-off versus Jeff Carter in neutral zone.
3:57 of 3rd period - Icing by Torey Krug.
3:58 of 3rd period - Martin Hanzal wins face-off versus Frans Nielsen in Blackhawks zone.
5:07 of 3rd period - Wrist shot by David Backes.
5:07 of 3rd period - Stopped by Sergei Bobrovsky without a rebound.
5:08 of 3rd period - Jeff Carter wins face-off versus John Tavares in Jets zone.
6:55 of 3rd period - Icing by David Backes.
6:56 of 3rd period - John Tavares wins face-off versus Curtis Glencross in Blackhawks zone.
6:57 of 3rd period - Slapshot by Max Pacioretty.
6:57 of 3rd period - Shot Blocked by Jan Hejda.
7:05 of 3rd period - Snap shot by Dustin Byfuglien.
7:05 of 3rd period - Shot Misses the Net.
7:07 of 3rd period - Snap shot by Jan Hejda.
7:07 of 3rd period - Stopped by Sergei Bobrovsky without a rebound.
7:08 of 3rd period - Martin Hanzal wins face-off versus John Tavares in Jets zone.
8:10 of 3rd period - Snap shot by Alex Ovechkin.
8:10 of 3rd period - Shot Misses the Net.
9:29 of 3rd period - Snap shot by Wayne Simmonds.
9:29 of 3rd period - Shot Blocked by Dustin Byfuglien.
9:37 of 3rd period - Erik Johnson is hit by Andrew Shaw and loses puck.
9:42 of 3rd period - Backhand shot by Cal Clutterbuck.
9:42 of 3rd period - Shot Misses the Net.
10:19 of 3rd period - Snap shot by Martin Hanzal.
10:19 of 3rd period - Stopped by Sergei Bobrovsky with a rebound.
10:21 of 3rd period - Slapshot by Jordie Benn.
10:21 of 3rd period - Shot Misses the Net.
10:23 of 3rd period - Slapshot by Jordie Benn.
10:23 of 3rd period - Stopped by Sergei Bobrovsky with a rebound.
10:30 of 3rd period - Minor Penalty to John Tavares for Tripping.
10:31 of 3rd period - Kyle Turris wins face-off versus David Backes in Jets zone.
10:39 of 3rd period - Wrist shot by Kyle Turris.
10:39 of 3rd period - Shot Blocked by Justin Braun.
11:29 of 3rd period - Slapshot by Oliver Ekman-Larsson.
11:29 of 3rd period - Shot Misses the Net.
11:54 of 3rd period - Minor Penalty to Dustin Byfuglien for Roughing.
11:55 of 3rd period - David Backes wins face-off versus Kyle Turris in Blackhawks zone.
12:02 of 3rd period - Jeff Carter is hit by Alex Ovechkin and loses puck.
12:11 of 3rd period - Jordie Benn is hit by Kyle Turris and loses puck.
12:30 of 3rd period - Penalty to John Tavares is over, John Tavares is back on ice.
13:04 of 3rd period - Snap shot by Ryan Callahan.
13:04 of 3rd period - Shot Blocked by Tyler Myers.
13:20 of 3rd period - Snap shot by John Tavares.
13:20 of 3rd period - Shot Blocked by Justin Braun.
13:22 of 3rd period - Wrist shot by Max Pacioretty.
13:22 of 3rd period - Shot Misses the Net.
13:24 of 3rd period - Backhand shot by Tyler Myers.
13:24 of 3rd period - Stopped by Anton Khudobin without a rebound.
13:25 of 3rd period - John Tavares wins face-off versus Jeff Carter in Blackhawks zone.
13:36 of 3rd period - Wrist shot by John Tavares.
13:36 of 3rd period - Shot Misses the Net.
13:54 of 3rd period - Penalty to Dustin Byfuglien is over, Dustin Byfuglien is back on ice.
14:06 of 3rd period - Snap shot by Curtis Glencross.
14:06 of 3rd period - Shot Misses the Net.
14:08 of 3rd period - Slapshot by Jordie Benn.
14:08 of 3rd period - Shot Blocked by Oliver Ekman-Larsson.
14:10 of 3rd period - Slapshot by Jordie Benn.
14:10 of 3rd period - Stopped by Sergei Bobrovsky without a rebound.
14:11 of 3rd period - Nick Bjugstad wins face-off versus David Backes in Jets zone.
14:33 of 3rd period - Slapshot by Dustin Byfuglien.
14:33 of 3rd period - Shot Misses the Net.
14:35 of 3rd period - Wrist shot by David Backes.
14:35 of 3rd period - Deflect By PA Parenteau.
14:35 of 3rd period - Shot Blocked by Tyler Myers.
14:35 of 3rd period - Puck is out of play.
14:36 of 3rd period - Jeff Carter wins face-off versus Kyle Turris in Jets zone.
15:29 of 3rd period - Cal Clutterbuck is hit by Alex Ovechkin and loses puck.
15:40 of 3rd period - Wrist shot by Alex Ovechkin.
15:40 of 3rd period - Goal by Alex Ovechkin - Jets : 3 - Blackhawks : 2.
15:41 of 3rd period - Nick Bjugstad wins face-off versus Martin Hanzal in neutral zone.
15:47 of 3rd period - Minor Penalty to Wayne Simmonds for High sticking.
15:48 of 3rd period - Kyle Turris wins face-off versus David Backes in Jets zone.
15:58 of 3rd period - Oliver Ekman-Larsson is hit by Jeff Carter and loses puck.
16:15 of 3rd period - Wrist shot by David Backes.
16:15 of 3rd period - Shot Misses the Net.
16:17 of 3rd period - Slapshot by Torey Krug.
16:17 of 3rd period - Deflect By Jeff Carter.
16:17 of 3rd period - Shot Misses the Net.
16:17 of 3rd period - Puck is out of play.
16:18 of 3rd period - Martin Hanzal wins face-off versus Kyle Turris in Jets zone.
17:10 of 3rd period - John Tavares is hit by Dustin Byfuglien and loses puck.
17:45 of 3rd period - Off-side.
17:46 of 3rd period - Martin Hanzal wins face-off versus Kyle Turris in neutral zone.
17:47 of 3rd period - Penalty to Wayne Simmonds is over, Wayne Simmonds is back on ice.
18:07 of 3rd period - Slapshot by Justin Braun.
18:07 of 3rd period - Stopped by Sergei Bobrovsky with a rebound.
18:21 of 3rd period - Wrist shot by Andrew Shaw.
18:21 of 3rd period - Shot Misses the Net.
19:14 of 3rd period - Slapshot by Ryan Murray.
19:14 of 3rd period - Stopped by Anton Khudobin without a rebound.
19:15 of 3rd period - Dave Tippett call a timeout for Blackhawks.
19:15 of 3rd period - Frans Nielsen wins face-off versus David Backes in Blackhawks zone.
19:33 of 3rd period - Off-side.
19:34 of 3rd period - Frans Nielsen wins face-off versus David Backes in neutral zone.
19:59 of 3rd period - Blackhawks, Anton Khudobin is pulled from the net.
Goals for this period are 1 for Jets vs 1 for Blackhawks.
Shots for this period are 4 for Jets vs 7 for Blackhawks.


Output by the SimonT Hockey Simulator (STHS) for Eric Dolegowski -- Original Page W3C XHTML 1.0 Valid
Hockey Simulator - Hockey Simulation - Hockey Manager